 Seeded DCSS version 0.29.1-15-g9cfb28693d (webtiles) character file.

Game seed: 1 (custom seed)

601119 Kazon the Warrior (level 26, -17/213 HPs)
             Began as a Demonspawn Fighter on Apr 25, 2023.
             Was the Champion of Okawaru.
             Killed from afar by a black draconian knight (21 damage)
             ... with a bolt of lightning
             ... on level 6 of a ziggurat on May 1, 2023.
             The game lasted 08:39:44 (52938 turns).

Kazon the Warrior (Demonspawn Fighter)             Turns: 52938, Time: 08:39:45

Health: -17/213    AC: 30    Str: 15    XL:     26   Next: 49%
Magic:  27/27      EV: 15    Int: 12    God:    Okawaru [******]
Gold:   4569       SH: 21    Dex: 30    Spells: 24/25 levels left

rFire   + + +      SeeInvis +   f - +6 demon blade of Nioguyti {flame, rN+ Dex+4}
rCold   + + +      Faith    .   c - +3 kite shield {reflect}
rNeg    + + +      Spirit   .   U - +1 plate armour of Understanding {Rampage Regen+ Str+5}
rPois   +          Reflect  +   n - +1 hat of Untruth {rC++ rCorr Str-2 Stlth+}
rElec   .          Harm     .   i - +2 cloak of the Thief {*Fog Slay-2 SInv Stlth+}
rCorr   +          Rampage  +   (gloves unavailable)
Will    +++..      Rage     3%  S - +2 pair of boots {Fly}
Stlth   +++.......              L - amulet "Odemouw" {Contam rPois rF+++ Regen+ Stlth+}
HPRegen 0.00/turn               q - ring "Medd" {rPois rN++ Str-3 Dex+2 SInv}
MPRegen 0.20/turn               t - ring "Xacius" {rPois rC+ Will+ Stlth-}

@: lethally poisoned (-17 -> -18), flying, inhibited regen
A: claws 3, yellow scales 3, hurl damnation, powered by death 3, spiny 3,
torment resistance 1, demonic willpower, horns 1, agile 1, berserk 1, low MP 2,
inhibited regeneration, weak 1, inability to drink after injury 1
}: 3/15 runes: barnacled, silver, gossamer
a: Hurl Damnation, Renounce Religion, Heroism, Finesse, Duel


You were on level 6 of a ziggurat.
You worshipped Okawaru.
Okawaru was exalted by your worship.
You visited 11 branches of the dungeon, and saw 49 of its levels.
You visited the Abyss 2 times.
You visited 1 bazaar.
You visited 1 ziggurat, and saw 6 of its levels.
You also visited: Gauntlet and Desolation.

You collected 10004 gold pieces.
You spent 5435 gold pieces at shops.

Inventory:

Hand Weapons
 a - the +10 morningstar "Eos" {elec, Halo rElec}
   (You found it on level 2 of a ziggurat)

   It occasionally discharges a powerful burst of electricity upon striking a
   foe.
   It grants its wielder a halo, revealing invisible creatures and increasing
   accuracy against all within it other than the wielder.
   rElec:     It insulates you from electricity.
 e - the +7 captain's cutlass {speed, disarm}
   (You found it in the Desolation of Salt)

   Attacks with this weapon are significantly faster.
   It may disarm weapon-wielding foes when striking them, dealing extra damage
   in the process.
 f - the +6 demon blade of Nioguyti (weapon) {flame, rN+ Dex+4}
   (Okawaru gifted it to you on level 5 of the Lair of Beasts)

   It burns those it strikes, dealing additional fire damage.
   Big, fiery blades are also staple armaments of hydra-hunters.
   Dex:       It affects your dexterity (+4).
   rN:        It protects you from negative energy.
 s - the +7 falchion of Okawaru's Approval {freeze, rElec Will+ rCorr Str+5}
   (Okawaru gifted it to you on level 4 of the Lair of Beasts)

   It freezes those it strikes, dealing additional cold damage.
   It can also slow down cold-blooded creatures.
   Str:       It affects your strength (+5).
   rElec:     It insulates you from electricity.
   rCorr:     It protects you from acid and corrosion.
   Will:      It increases your willpower.
 u - the +7 scimitar of Qinulesula {vorpal, rPois Str+4 Dex+4}
   (You found it on level 5 of a ziggurat)

   It inflicts extra damage upon your enemies.
   Str:       It affects your strength (+4).
   Dex:       It affects your dexterity (+4).
   rPois:     It protects you from poison.
Missiles
 h - 15 javelins (quivered)
 l - 46 boomerangs
 A - 9 curare-tipped darts
 N - 4 throwing nets
 O - 12 atropa-tipped darts
 Q - 7 datura-tipped darts
Armour
 c - a +3 kite shield of reflection (worn)
 g - the +5 scale mail of the Sharp God {Regen+ Str-2 Dex+7}
   (You found it on level 3 of a ziggurat)

   Str:       It affects your strength (-2).
   Dex:       It affects your dexterity (+7).
   Regen:     It increases your rate of health regeneration.
 i - the +2 cloak of the Thief (worn) {*Fog Slay-2 SInv Stlth+}
   (You acquired it on level 3 of the Spider Nest)

   It may release a thick cloud of smoke when the wearer is hurt.
   Slay:      It affects your accuracy & damage with ranged weapons and melee
   (-2).
   SInv:      It lets you see invisible.
   Stlth:     It makes you more stealthy.
 n - the +1 hat of Untruth (worn) {rC++ rCorr Str-2 Stlth+}
   (You found it on level 14 of the Dungeon)

   Str:       It affects your strength (-2).
   rC:        It greatly protects you from cold.
   rCorr:     It protects you from acid and corrosion.
   Stlth:     It makes you more stealthy.
 S - a +2 pair of boots of flying (worn)
 U - the +1 plate armour of Understanding (worn) {Rampage Regen+ Str+5}
   (Okawaru gifted it to you on level 3 of the Elven Halls)

   Str:       It affects your strength (+5).
   Regen:     It increases your rate of health regeneration.
   Rampage:   It bestows one free step when moving towards enemies.
Jewellery
 q - the ring "Medd" (left claw) {rPois rN++ Str-3 Dex+2 SInv}
   (You found it on level 5 of a ziggurat)

   [ring of see invisible]

   Str:       It affects your strength (-3).
   Dex:       It affects your dexterity (+2).
   rPois:     It protects you from poison.
   rN:        It greatly protects you from negative energy.
   SInv:      It lets you see invisible.
 t - the ring "Xacius" (right claw) {rPois rC+ Will+ Stlth-}
   (You found it in the Desolation of Salt)

   [ring of protection from cold]

   rC:        It protects you from cold.
   rPois:     It protects you from poison.
   Will:      It increases your willpower.
   Stlth:     It makes you less stealthy.
 v - a ring of positive energy
 L - the amulet "Odemouw" (around neck) {Contam rPois rF+++ Regen+ Stlth+}
   (You bought it in a shop on level 8 of the Dungeon)

   [amulet of regeneration]

   rF:        It renders you almost immune to fire.
   rPois:     It protects you from poison.
   Contam:    It causes magical contamination when unequipped.
   Regen:     It increases your rate of health regeneration.
   Stlth:     It makes you more stealthy.
 X - the ring "Wejiqees" {rN+ EV+4}
   (You took it off a vault sentinel on level 5 of the Vaults)

   [ring of evasion]

   EV:        It affects your evasion (+4).
   rN:        It protects you from negative energy.
Wands
 z - a wand of mindburst (31)
 H - a wand of paralysis (29)
 J - a wand of roots (52)
 P - a wand of polymorph (12)
 Z - a wand of acid (11)
Scrolls
 o - 5 scrolls of immolation
 p - 3 scrolls of poison
 r - 9 scrolls of fog
 E - 6 scrolls of blinking
 F - 6 scrolls of fear
 M - 20 scrolls of teleportation
 V - 4 scrolls of silence
Potions
 b - 3 potions of berserk rage
 d - 9 potions of might
 j - a potion of ambrosia
 k - 15 potions of lignification
 m - 5 potions of cancellation
 w - 13 potions of haste
 C - 11 potions of heal wounds
 D - 3 potions of resistance
 G - 23 potions of curing
 W - 4 potions of invisibility
Miscellaneous
 x - a phial of floods (inert)
 I - a tin of tremorstones (inert)
 K - a condenser vane (inert)
 T - a lightning rod (4/4)


   Skills:
 + Level 18.7 Fighting
 + Level 9.5(14.7) Short Blades
 + Level 17.7(18.5) Long Blades
 * Level 1.7 Maces & Flails
 + Level 15.8 Throwing
 + Level 14.7 Armour
 + Level 16.8 Dodging
 + Level 10.3 Stealth
 + Level 18.2 Shields
 + Level 14.9 Invocations
 + Level 18.0 Evocations


You had 24 spell levels left.
You knew the following spells:

 Your Spells              Type           Power      Damage    Failure   Level
a - Apportation           Tloc           0%         N/A       100%        1

Your spell library contained the following spells:

 Spells                   Type           Power      Damage    Failure   Level
 Beastly Appendage        Tmut           0%         N/A       100%        1
 Magic Dart               Conj           0%         1d3       100%        1
 Necrotise                Necr           0%         1d4       100%        1
 Sandblast                Erth           0%         2d4       100%        1
 Shock                    Conj/Air       0%         1d3       100%        1
 Slow                     Hex            0%         N/A       100%        1
 Sting                    Tmut/Pois      0%         1d3       100%        1
 Ensorcelled Hibernation  Hex/Ice        0%         N/A       100%        2
 Passwall                 Tmut/Erth      0%         N/A       100%        2
 Poisonous Vapours        Pois/Air       0%         N/A       100%        2
 Scorch                   Fire           0%         2d5       100%        2
 Searing Ray              Conj           0%         2d4       100%        2
 Static Discharge         Conj/Air       0%         3-3/arc   100%        2
 Confusing Touch          Hex            0%         N/A       100%        3
 Dazzling Flash           Conj/Hex       0%         N/A       100%        3
 Gell's Gravitas          Tloc           0%         N/A       100%        3
 Mephitic Cloud           Conj/Pois/Air  0%         N/A       100%        3
 Ozocubu's Armour         Ice            0%         N/A       100%        3
 Stone Arrow              Conj/Erth      0%         3d7       100%        3
 Swiftness                Air            0%         N/A       100%        3
 Teleport Other           Tloc           0%         N/A       100%        3
 Vampiric Draining        Necr           0%         2d6       100%        3
 Airstrike                Air            0%         2d(0-16)  100%        4
 Cause Fear               Hex            0%         N/A       100%        4
 Corpse Rot               Necr/Pois/Air  0%         N/A       100%        4
 Dispel Undead            Necr           0%         3d6       100%        4
 Flame Wave               Conj/Fire      0%         2d4       100%        4
 Ice Form                 Ice/Tmut       0%         N/A       100%        4
 Iskenderun's Mystic Bla  Conj/Tloc      0%         2d3       100%        4
 Leda's Liquefaction      Hex/Erth       0%         N/A       100%        4
 Olgreb's Toxic Radiance  Pois           0%         N/A       100%        4
 Passage of Golubria      Tloc           0%         N/A       100%        4
 Petrify                  Tmut/Erth      0%         N/A       100%        4
 Sticky Flame             Conj/Fire      0%         2d3       100%        4
 Agony                    Necr           0%         N/A       100%        5
 Alistair's Intoxication  Tmut/Pois      0%         N/A       100%        5
 Blade Hands              Tmut           0%         N/A       100%        5
 Borgnjor's Vile Clutch   Necr/Erth      0%         N/A       100%        5
 Fireball                 Conj/Fire      0%         3d3       100%        5
 Irradiate                Conj/Tmut      0%         3d11      100%        5
 Iskenderun's Battlesphe  Conj           0%         2d6       100%        5
 Lee's Rapid Deconstruct  Erth           0%         3d5*      100%        5
 Lightning Bolt           Conj/Air       0%         1d11      100%        5
 Metabolic Englaciation   Hex/Ice        0%         N/A       100%        5
 Silence                  Hex/Air        0%         N/A       100%        5
 Yara's Violent Unravell  Hex/Tmut       0%         3d3       100%        5
 Conjure Ball Lightning   Conj/Air       0%         3x3d6     100%        6
 Dispersal                Tloc           0%         N/A       100%        6
 Eringya's Noxious Bog    Tmut/Pois      0%         N/A       100%        6
 Iron Shot                Conj/Erth      0%         9d1       100%        6
 Starburst                Conj/Fire      0%         6d3       100%        6
 Statue Form              Tmut/Erth      0%         N/A       100%        6
 Dragon Form              Tmut           0%         N/A       100%        7
 Enfeeble                 Hex            0%         N/A       100%        7
 Orb of Destruction       Conj           0%         9d5       100%        7
 Ozocubu's Refrigeration  Ice            0%         4d7       100%        7
 Discord                  Hex            0%         N/A       100%        8
 Disjunction              Tloc           0%         N/A       100%        8
 Ignition                 Fire           0%         3d3       100%        8
 Lehudib's Crystal Spear  Conj/Erth      0%         10d2      100%        8
 Chain Lightning          Conj/Air       0%         N/A       100%        9
 Fire Storm               Conj/Fire      0%         5d1       100%        9
 Shatter                  Erth           0%         3d5*      100%        9
 Summon Small Mammal      Summ           Unusable   N/A       N/A         1
 Call Imp                 Summ           Unusable   N/A       N/A         2
 Animate Armour           Summ/Erth      Unusable   N/A       N/A         4
 Animate Dead             Necr           Unusable   N/A       N/A         4
 Summon Lightning Spire   Summ/Air       Unusable   N/A       N/A         4
 Summon Forest            Summ/Tloc      Unusable   N/A       N/A         5
 Death Channel            Necr           Unusable   N/A       N/A         6
 Simulacrum               Ice/Necr       Unusable   N/A       N/A         6
 Summon Cactus Giant      Summ           Unusable   N/A       N/A         6
 Summon Hydra             Summ           Unusable   N/A       N/A         7
 Dragon's Call            Summ           Unusable   N/A       N/A         9

Dungeon Overview and Level Annotations

Branches:
Dungeon (15/15)            Temple (1/1) D:7            Lair (5/5) D:10
 Shoals (4/4) Lair:3       Spider (4/4) Lair:3        Slime (5/5) Lair:4
    Orc (2/2) D:12            Elf (3/3) Orc:2        Vaults (5/5) D:13
  Crypt (0/3) Vaults:3     Depths (4/4) D:15            Zot (1/5) Depths:4
Desolation (visited)      Gauntlet (visited)

Altars:
Ashenzari
Dithmenos
Gozag
Hepliaklqana
Kikubaaqudgha
Makhleb
Nemelex Xobeh
Okawaru
Uskayaw
Xom
Jiyva

Shops:
D:3 (   D:8 ?(==   D:10 :   D:13 !   Orc:2 ([*=   Elf:2 [?!?   Elf:3 [(
Vaults:1 !   Vaults:2 [   Vaults:3 (((   Vaults:4 *   Vaults:5 (   Depths:2 (
Depths:4 !

Portals:
Hell: Depths:1 Depths:2 Depths:3 Depths:4
Pandemonium: Depths:2 Depths:3 Depths:4

Annotations:
Shoals:4 1 runed translucent door, MrSixtyFour's ghost, adept DsBe
Slime:5 Royal Jelly
Elf:2 2 transporters, middlethird's ghost, adept VSCj
Vaults:2 2 runed translucent doors, Forgeling's ghost, adept FeEn


Innate Abilities, Weirdness & Mutations

You have claws for hands.
You are completely covered in yellow scales. (AC +4, rCorr)
You can hurl damnation.
You regenerate a lot of health from kills.
You are completely covered in sharp spines.
You are resistant to unholy torment.
You punish those that try to bend your will. (Will+)
You have a pair of small horns on your head.
You are agile. (Dex +4, Str/Int -1)
You sometimes lose your temper in combat.
Your magical capacity is very low. (-20% MP)
You do not regenerate when monsters are visible.
You are weak. (Str -2)
You occasionally lose the ability to drink potions when taking damage.


Message History

The tin is emptied!
You feel sick.
The yellow draconian annihilator casts a spell.
The yellow draconian annihilator blinks!
The green draconian breathes poison at you.
The blast of poison engulfs you but does no damage.
You resist.
The black draconian knight is engulfed in poison gas.
The black draconian knight is poisoned.
You block the black draconian knight's attack.
Clouds of flame condense around you!
The condenser dries out!
You can drink potions again.
You feel sick.
The green draconian breathes poison at you.
The blast of poison misses you.
The black draconian knight is engulfed in poison gas.
The black draconian knight looks even sicker.
The black draconian knight misses you.
Throw: 17 javelins
Press: ? - help, Q - select action, (/) - cycle Shift-Dir - straight line, f - green draconian
Aim: a green draconian, wielding a +0 war axe (poison gas, almost dead, catching its breath, 76% to hit)
You throw a javelin.
The javelin barely misses the green draconian.
You feel sick.
The black draconian knight is engulfed in poison gas.
The black draconian knight looks even sicker.
You block the black draconian knight's attack.
Unknown command.
Throw: 16 javelins
Press: ? - help, Q - select action, (/) - cycle Shift-Dir - straight line, f/p - green draconian
Aim: a green draconian, wielding a +0 war axe (poison gas, almost dead, catching its breath, 76% to hit)
You throw a javelin.
The javelin pierces through the green draconian!!
You kill the green draconian!
Okawaru accepts your kill.
You feel sick.
The black draconian knight is engulfed in poison gas.
The black draconian knight looks as sick as possible!
The black draconian knight breathes lightning at you.
The bolt of lightning hits you!!
You die...

▓▓▓▓▓▓▓▓▓▓▓
▓▓.........▓▓
▓...........▓▓
?..........○)▓▓
qq.........°§§▓▓
)=..(..(..§☼q°@▓
[?........☼°°☼▓▓
=.........§○☼▓▓
▓......(...☼▓▓
▓▓...q.§...▓▓
▓▓▓▓▓▓▓▓▓▓▓


You could see a black draconian knight (fast, invisible, extremely poisoned,
catching breath).

Vanquished Creatures
  7 dread liches
  Mennas (Vaults:4)
  Mara (Spider:4)
  Frederick (Vaults:4)
  Saint Roka (Vaults:4)
  Xtahua (Vaults:4)
  4 caustic shrikes (Depths:4)
  2 golden dragons
  Nikola (Elf:2)
  A Tzitzimitl (Depths:2)
  11 tentacled monstrosities
  2 deep elf blademasters (Elf:3)
  4 quicksilver dragons (Zot:1)
  Asterion (Arena)
  5 titans
  Rupert (D:12)
  2 deep elf master archers (Elf:3)
  A lich (Depths:3)
  9 acid blobs
  9 sphinxes
  2 Executioners (Depths:2)
  3 death cobs (Zot:1)
  11 storm dragons
  An ancient champion (Vaults:3)
  3 tentacled starspawn (Abyss:3)
  Donald (Orc:2)
  7 shadow dragons
  Roxanne (D:15)
  3 tengu reavers
  Agnes (Elf:1)
  3 draconian monks (Zot:1)
  9 fire giants
  5 rockslimes
  4 azure jellies
  2 frost giants
  7 emperor scorpions
  2 draconian knights
  10 vault wardens
  5 ghost moths
  4 deep elf sorcerers
  2 imperial myrmidons (Desolation)
  Louise (Elf:3)
  4 iron dragons
  A balrug (Depths:4)
  A caustic shrike zombie (Depths:2)
  2 draconian scorchers
  The ghost of Ehaok the Impaler, a journeyman DsGl of Hepliaklqana (D:14)
  5 spectral caustic shrikes
  A juggernaut zombie (Zig:4)
  The ghost of phonic the Bludgeoner, a journeyman MiBe of Trog (Orc:2)
  4 orc warlords
  A spectral juggernaut (Depths:3)
  2 angels (Vaults:3)
  A curse skull (Vaults:3)
  A deep elf elementalist (Elf:3)
  6 spriggan defenders
  4 war gargoyles
  A draconian annihilator (Zot:1)
  15 ironbound preservers
  A broodmother (shapeshifter) (Depths:3)
  3 draconian shifters (Zot:1)
  5 quicksilver oozes
  3 broodmothers
  A juggernaut skeleton (Depths:2)
  4 reapers
  4 ironbound thunderhulks
  6 deep elf demonologists
  8 green draconians
  29 very ugly things
  8 stone giants
  Nessos (D:12)
  2 black draconians
  10 vampire knights
  2 white draconians (Zot:1)
  4 spark wasps
  Snorg (D:14)
  3 red draconians (Zot:1)
  A minotaur (Gauntlet)
  2 yellow draconians (Depths:4)
  2 halazid warlocks (Desolation)
  4 purple draconians
  15 dire elephants
  Azrael (D:13)
  5 deep elf annihilators
  4 entropy weavers
  3 spectral titans (Depths:3)
  7 deep elf death magi
  An eidolon (Depths:3)
  6 merfolk impalers
  2 crystal guardians (Desolation)
  6 ettins
  A spectral quicksilver dragon (Depths:3)
  6 ragged hierophants (Desolation)
  A mummy priest (Zig:4)
  A quicksilver dragon zombie (Depths:2)
  7 merfolk javelineers (Shoals:4)
  A spriggan zombie (Depths:2)
  4 deep elf high priests
  2 spectral spriggans (Depths:3)
  A spectral golden dragon (Depths:3)
  A salamander tyrant (Zig:1)
  9 fire dragons
  10 ice dragons
  A hydra (shapeshifter) (Vaults:5)
  11 great orbs of eyes
  14 yaktaur captains
  7 servants of whispers (Desolation)
  A jiangshi (Vaults:3)
  Fannar (Lair:2)
  A caustic shrike simulacrum (Depths:3)
  4 hydras
  3 rakshasas
  5 spectral tengu
  5 peacekeepers (Desolation)
  A spectral shadow dragon (Depths:3)
  2 spectral sphinxes (Depths:3)
  Erolcha (D:10)
  A juggernaut simulacrum (Depths:3)
  4 catoblepae
  4 boulder beetles
  An ogre mage (Vaults:5)
  32 vault guards
  A ghost crab (Gauntlet)
  3 merfolk avatars
  4 spriggan air magi
  An alligator snapping turtle (Shoals:4)
  10 centaur warriors
  6 ironbound frosthearts
  A jorogumo (Spider:4)
  2 spriggan skeletons (Depths:2)
  8 deep troll shamans
  3 two-headed ogres
  31 dancing weapons
  4 merfolk aquamancers
  7 satyrs
  2 spectral fire giants
  2 spectral frost giants (Depths:3)
  10 death yaks
  8 vampire magi
  9 tengu warriors
  4 deep troll earth magi
  3 orc high priests (Orc:2)
  8 death scarabs (Spider:4)
  2 spectral emperor scorpions (Spider:4)
  Urug (Orc:1)
  7 hell knights
  5 soul eaters
  16 deep elf knights
  2 spectral storm dragons (Depths:3)
  A storm dragon zombie (Depths:2)
  2 titan skeletons (Depths:2)
  A shadow wraith (Abyss:3)
  A wretched star (Abyss:3)
  5 sixfirhies
  5 skeletal warriors
  14 pharaoh ants
  A fire crab (D:13)
  2 golden dragon zombies (Depths:2)
  A spectral spark wasp (Depths:3)
  A sun moth (Spider:1)
  Lodul (D:12)
  9 iron trolls
  7 steelbarb worms
  7 deep elf archers
  A sea snake (shapeshifter) (Depths:4)
  12 sea snakes
  8 orb spiders
  9 phantasmal warriors
  45 deep trolls
  4 wizards
  2 shadow demons
  An obsidian statue (Vaults:2)
  5 spriggan simulacra
  33 harpies
  6 glowing orange brains
  3 lindwurms
  17 ironbound convokers
  4 orange crystal statues
  22 deep elf zephyrmancers
  2 spectral iron dragons (Depths:3)
  7 spectral wolf spiders
  10 orc knights
  A golden dragon skeleton (Depths:2)
  5 flayed ghosts
  6 orc sorcerers
  A broodmother zombie (Spider:4)
  8 wolf spider zombies
  2 necromancers
  22 wolf spiders
  A tengu zombie (Depths:2)
  7 cyclopes
  3 shining eyes
  30 deep elf pyromancers
  A manticore (shapeshifter) (D:14)
  12 fauns
  43 ugly things
  An iron dragon skeleton (Depths:2)
  5 elephants (Lair:4)
  19 manticores
  A worldbinder (Abyss:3)
  10 merfolk sirens
  11 moths of wrath
  20 vault sentinels
  5 black mambas
  7 eyes of devastation
  A titan simulacrum (Depths:3)
  6 water nymphs
  2 orange demons
  3 guardian serpents (Desolation)
  2 water nymphs (shapeshifter)
  11 cane toads
  8 torpor snails
  Maggie (D:6)
  2 ice statues (Zig:2)
  4 rime drakes
  2 unseen horrors
  A rime drake (shapeshifter) (D:15)
  30 yaktaurs
  4 kobold demonologists (D:11)
  A spark wasp simulacrum (Depths:2)
  A golden dragon simulacrum (Depths:3)
  15 komodo dragons
  3 spectral redbacks (Spider:4)
  15 demonic crawlers
  4 spectral glowing shapeshifters (Depths:3)
  2 tormentors (Depths:2)
  5 freezing wraiths
  A spectral human (Depths:2)
  2 tengu conjurers
  3 efreet
  3 redback zombies (Spider:4)
  2 ancient zymes (Abyss:3)
  A guardian mummy (Zig:4)
  6 trolls
  An ice devil (Abyss:3)
  8 meliai
  25 merfolk
  Prince Ribbit (D:9)
  A queen bee (Spider:4)
  24 tarantellas
  A merfolk (shapeshifter) (Depths:3)
  A spectral culicivora (Spider:4)
  2 spectral jumping spiders (Spider:4)
  8 wind drakes
  A polar bear (Lair:4)
  A shadow dragon simulacrum (Depths:3)
  2 jumping spider zombies (Spider:4)
  5 large abominations (Abyss:3)
  5 tengu simulacra (Depths:3)
  2 wolf spider simulacra (Spider:1)
  2 tarantella zombies (Spider:4)
  5 hornets
  53 saltlings (Desolation)
  17 blink frogs
  130 slime creatures
  A spectral floating eye (Depths:2)
  11 raiju (Abyss:3)
  2 sphinx simulacra (Depths:3)
  2 fire giant simulacra (Depths:2)
  11 dream sheep
  2 dream sheep (shapeshifter)
  A slime creature (shapeshifter) (Zig:2)
  A culicivora zombie (Spider:4)
  32 jumping spiders
  11 snapping turtles
  A frost giant simulacrum (Depths:2)
  2 shadows
  2 vampires
  2 ynoxinuls (Abyss:3)
  2 air elementals (Elf:3)
  A culicivora (shapeshifter) (Elf:1)
  4 spriggans
  63 yaks
  32 culicivoras
  2 wraiths (D:12)
  A hog (shapeshifter) (D:13)
  24 water elementals
  2 ushabtiu (Zig:4)
  2 chaos spawn (Abyss:3)
  3 fire elementals
  6 wyverns
  6 basilisks
  Eustachio (D:5)
  6 vampire mosquitoes
  9 neqoxecs
  48 redbacks
  2 steam dragons
  15 golden eyes
  3 minotaur simulacra (D:14)
  Menkaure (D:5)
  A redback (shapeshifter) (Vaults:2)
  Edmund (D:6)
  2 wargs (Orc:1)
  A naga (Zig:1)
  2 acid dragons
  2 floating eyes
  16 water moccasins
  2 hell hounds (D:13)
  36 orc warriors
  2 ice beasts
  5 sky beasts
  2 black bears (D:6)
  3 boggarts (Vaults:2)
  5 centaurs
  12 ogres
  A wolf (D:10)
  2 small abominations (Abyss:3)
  2 phantoms (D:6)
  3 kobold brigands
  2 earth elementals
  3 necrophages
  6 bullfrogs
  2 deep troll simulacra (D:14)
  A glowing shapeshifter simulacrum (Depths:2)
  A gnoll sergeant (D:7)
  10 scorpions
  21 wights
  18 killer bees
  3 electric eels
  A howler monkey (D:5)
  A crimson imp (Abyss:3)
  7 starcursed masses (Abyss:3)
  2 jellies (D:6)
  An iron imp (Abyss:3)
  6 hounds
  32 orc priests
  2 gnoll boudas
  6 iguanas
  30 orc wizards
  4 hell rats (Lair:3)
  2 mummies (Zig:4)
  Robin (D:3)
  18 gnolls
  13 adders
  3 shadow imps
  2 white imps (D:7)
  An ufetubus (D:5)
  4 worms
  102 orcs
  11 endoplasms
  3 giant cockroaches
  16 goblins
  9 hobgoblins
  A jackal (D:4)
  27 kobolds
  2 quokkas
  5 ball pythons
  4 bats
  3 frilled lizards
  6 rats
2372 creatures vanquished.

Vanquished Creatures (collateral kills)
  2 hell knights (Depths:3)
  An orc sorcerer (Orc:2)
  2 ugly things (D:15)
  A jumping spider (Spider:4)
  3 orc warriors
  A glowing shapeshifter simulacrum (Depths:3)
  An orc wizard (Orc:2)
  3 orcs
14 creatures vanquished.

Vanquished Creatures (others)
  A vault guard (Vaults:5)
  A deep elf knight (Elf:2)
  A hell knight (Depths:3)
  A deep elf archer (Elf:2)
  2 deep elf zephyrmancers (Elf:2)
  A necromancer (Depths:2)
  A manticore (Shoals:2)
  An ugly thing (D:15)
  2 meliai (Spider:4)
  A blink frog (shapeshifter) (D:14)
  A culicivora (Spider:4)
  2 centaur simulacra (D:14)
  An air elemental (Elf:2)
  2 redbacks (Spider:4)
  An orc warrior (Orc:2)
  A killer bee (Spider:4)
  An orc wizard (D:15)
  3 demonic plants (Abyss:3)
  21 fungi
  74 plants
  6 starspawn tentacles (Abyss:3)
125 creatures vanquished.

Grand Total: 2511 creatures vanquished

Notes
Turn   | Place    | Note
-------+----------+-------------------------------------------
     0 | D:1      | Kazon the Demonspawn Fighter began the quest for the Orb.
     0 | D:1      | Reached XP level 1. HP: 18/18 MP: 1/1
    50 | D:1      | Identified a scroll of acquirement
    50 | D:1      | Acquired the -1 helmet "Olommueca" {Contam rF+++ Will-
                  | Regen+}
   167 | D:1      | Gained mutation: You are partially covered in sharp spines.
                  | [demonic ancestry]
   167 | D:1      | Reached XP level 2. HP: 24/24 MP: 2/2
   665 | D:2      | Gained mutation: You regenerate a little health from kills.
                  | [demonic ancestry]
   665 | D:2      | Reached XP level 3. HP: 29/29 MP: 3/3
  1116 | D:2      | Reached XP level 4. HP: 28/35 MP: 4/4
  1246 | D:3      | Found Umat's Antique Weapon Boutique.
  1429 | D:3      | Noticed Robin
  1435 | D:3      | Killed Robin
  1487 | D:3      | Reached XP level 5. HP: 36/41 MP: 5/5
  1692 | D:3      | Reached skill level 5 in Fighting
  1692 | D:3      | Reached XP level 6. HP: 51/51 MP: 6/6
  2109 | D:4      | Reached skill level 5 in Armour
  2272 | D:4      | Gained mutation: You have sharp fingernails. [demonic
                  | ancestry]
  2272 | D:4      | Reached XP level 7. HP: 41/56 MP: 7/7
  2470 | D:4      | Found a hazy altar of Hepliaklqana.
  2695 | D:5      | Entered Level 5 of the Dungeon
  2740 | D:5      | Noticed Eustachio
  2774 | D:5      | Reached skill level 5 in Throwing
  2774 | D:5      | Reached skill level 5 in Dodging
  2774 | D:5      | Reached skill level 5 in Shields
  2774 | D:5      | Reached skill level 1 in Evocations
  2788 | D:5      | Killed Eustachio
  2789 | D:5      | Reached skill level 5 in Long Blades
  2789 | D:5      | Gained mutation: You have very sharp fingernails. [demonic
                  | ancestry]
  2789 | D:5      | Reached XP level 8. HP: 58/62 MP: 8/8
  3208 | D:5      | Noticed Menkaure
  3213 | D:5      | Killed Menkaure
  3609 | D:7      | Found a staircase to the Ecumenical Temple.
  3618 | Temple   | Entered the Ecumenical Temple
  3625 | Temple   | Became a worshipper of Warmaster Okawaru
  3691 | D:7      | Found a hide-covered altar of Uskayaw.
  3762 | D:6      | Reached skill level 1 in Invocations
  3773 | D:6      | Gained mutation: You are mostly covered in sharp spines.
                  | [demonic ancestry]
  3773 | D:6      | Reached XP level 9. HP: 61/69 MP: 9/9
  3775 | D:6      | Reached * piety under Okawaru
  3844 | D:6      | Noticed Edmund
  3879 | D:6      | Killed Edmund
  4118 | D:6      | Noticed Maggie
  4125 | D:6      | Reached ** piety under Okawaru
  4134 | D:6      | Killed Maggie
  4523 | D:7      | Gained mutation: You are partially covered in yellow
                  | scales. (AC +2) [demonic ancestry]
  4523 | D:7      | Reached XP level 10. HP: 76/76 MP: 12/12
  4815 | D:7      | Reached *** piety under Okawaru
  5143 | D:8      | Found Esumer's Weapon Shop.
  5516 | D:8      | Found Quzidd's Magic Scroll Emporium.
  5522 | D:8      | Bought a scroll of teleportation for 42 gold pieces
  5728 | D:8      | Found Heidghoki's Jewellery Shop.
  5875 | D:8      | Found Zoxtaeshakh's Jewellery Boutique.
  6240 | D:9      | Noticed Prince Ribbit
  6260 | D:9      | Killed Prince Ribbit
  6260 | D:9      | Reached **** piety under Okawaru
  6560 | D:9      | Noticed a two-headed ogre
  6576 | D:9      | Killed a two-headed ogre
  6620 | D:10     | Entered Level 10 of the Dungeon
  6749 | D:10     | Found a staircase to the Lair.
  6760 | D:10     | Gained mutation: You are mostly covered in yellow scales.
                  | (AC +3) [demonic ancestry]
  6760 | D:10     | Reached XP level 11. HP: 83/83 MP: 14/14
  6845 | D:10     | Noticed Erolcha
  6850 | D:10     | Killed Erolcha
  6851 | D:10     | Reached skill level 5 in Invocations
  6869 | D:10     | Identified the +5 long sword of the Land of Plenty {drain,
                  | Dex+3}
  6888 | D:10     | Found Juagoaq's Book Shoppe.
  7238 | D:10     | Reached ***** piety under Okawaru
  7541 | D:10     | Received a gift from Okawaru
  7729 | D:11     | Noticed a green ugly thing
  7740 | D:11     | Killed a green ugly thing
  7798 | D:11     | Reached skill level 5 in Evocations
  7805 | D:11     | Received a gift from Okawaru
  8435 | D:8      | Bought the amulet "Odemouw" {Contam rPois rF+++ Regen+
                  | Stlth+} for 734 gold pieces
  8662 | D:11     | Noticed a sixfirhy
  8827 | D:12     | Noticed a two-headed ogre
  8835 | D:12     | Noticed Nessos
  8841 | D:12     | Killed a two-headed ogre
  8853 | D:12     | Killed Nessos
  8853 | D:12     | Identified the +4 buckler "Saxkuaf" {Contam Will+++ Int+2
                  | Slay+2} (Okawaru gifted it to you on level 12 of the
                  | Dungeon)
  8853 | D:12     | Received a gift from Okawaru
  8854 | D:12     | Reached XP level 12. HP: 91/91 MP: 17/17
  8936 | Lair:1   | Entered Level 1 of the Lair of Beasts
  9176 | Lair:1   | Found the +2 Maxwell's thermic engine {flame, freeze}
  9413 | Lair:1   | Reached skill level 5 in Stealth
  9865 | Lair:2   | Noticed Fannar
  9866 | Lair:2   | Noticed a catoblepas
  9885 | Lair:2   | Reached skill level 5 in Short Blades
  9886 | Lair:2   | Killed Fannar
  9888 | Lair:2   | Killed a catoblepas
 10332 | Lair:2   | Identified the +0 chain mail of Salvation {Harm Str+3
                  | Int+4} (Okawaru gifted it to you on level 2 of the Lair of
                  | Beasts)
 10332 | Lair:2   | Received a gift from Okawaru
 10652 | Lair:3   | Found a hole to the Spider Nest.
 10720 | Lair:3   | Found an ancient bone altar of Kikubaaqudgha.
 10786 | Lair:3   | Noticed a death yak
 10797 | Lair:3   | Noticed a death yak
 10798 | Lair:3   | Noticed a death yak
 10801 | Lair:3   | Noticed a death yak
 10803 | Lair:3   | Killed a death yak
 10804 | Lair:3   | Reached XP level 13. HP: 97/97 MP: 20/20
 10901 | Lair:3   | Found a staircase to the Shoals.
 11250 | Lair:4   | Reached skill level 10 in Long Blades
 11316 | Lair:4   | Gained mutation: You are weak. (Str -2) [potion of
                  | mutation]
 11316 | Lair:4   | Gained mutation: Armour fits poorly on your strangely
                  | shaped body. [potion of mutation]
 11316 | Lair:4   | Gained mutation: You expend magic power (3 MP) to
                  | strengthen your wands. [potion of mutation]
 11316 | Lair:4   | Lost mutation: You are weak. (Str -2) [potion of mutation]
 11544 | Lair:4   | Identified the +3 battleaxe "Adididghufym" {antimagic, rF+
                  | Will+}
 11706 | Lair:4   | Found a viscous altar of Jiyva.
 11707 | Lair:4   | Found a staircase to the Slime Pits.
 11823 | Lair:5   | Entered Level 5 of the Lair of Beasts
 11834 | Lair:4   | Identified the +7 falchion of Okawaru's Approval {freeze,
                  | rElec Will+ rCorr Str+5} (Okawaru gifted it to you on level
                  | 4 of the Lair of Beasts)
 11834 | Lair:4   | Received a gift from Okawaru
 11876 | Lair:5   | Reached skill level 10 in Invocations
 11878 | Lair:5   | Reached ****** piety under Okawaru
 12369 | Lair:5   | Received a gift from Okawaru
 12995 | Lair:5   | Gained mutation: You regenerate health from kills. [demonic
                  | ancestry]
 12995 | Lair:5   | Reached XP level 14. HP: 92/106 MP: 21/21
 13018 | Lair:5   | Identified the +6 demon blade of Nioguyti {flame, rN+
                  | Dex+4} (Okawaru gifted it to you on level 5 of the Lair of
                  | Beasts)
 13018 | Lair:5   | Received a gift from Okawaru
 13392 | D:12     | Lost mutation: Armour fits poorly on your strangely shaped
                  | body. [potion of mutation]
 13392 | D:12     | Lost mutation: You expend magic power (3 MP) to strengthen
                  | your wands. [potion of mutation]
 13392 | D:12     | Gained mutation: You are frail. (-10% HP) [potion of
                  | mutation]
 13392 | D:12     | Gained mutation: Your mind is acute. (Int +4, Str/Dex -1)
                  | [potion of mutation]
 13618 | D:12     | Noticed Rupert
 13620 | D:12     | Killed Rupert
 13811 | D:12     | Found a staircase to the Orcish Mines.
 13895 | D:12     | Noticed Lodul
 13910 | D:12     | Killed Lodul
 14069 | D:13     | Noticed Azrael
 14089 | D:13     | Killed Azrael
 14089 | D:13     | Identified the +1 chain mail of Zoll {rC++ Dex-4} (Okawaru
                  | gifted it to you on level 13 of the Dungeon)
 14089 | D:13     | Received a gift from Okawaru
 14436 | D:13     | Found Ituota Roil's Distillery.
 14458 | D:13     | Bought a potion of mutation for 152 gold pieces
 14458 | D:13     | Bought a potion of curing for 57 gold pieces
 14465 | D:13     | Lost mutation: Your mind is acute. (Int +4, Str/Dex -1)
                  | [potion of mutation]
 14465 | D:13     | Lost mutation: You are frail. (-10% HP) [potion of
                  | mutation]
 14465 | D:13     | Gained mutation: You are agile. (Dex +4, Str/Int -1)
                  | [potion of mutation]
 14790 | D:13     | Found a gate to the Vaults.
 14920 | D:14     | Found a runed translucent gate.
 14920 | D:14     | Found a runed translucent gate.
 14921 | D:14     | Found a runed translucent gate.
 14926 | D:14     | Noticed Ehaok's ghost (journeyman DsGl)
 15083 | D:14     | Found a frozen archway.
 15211 | D:14     | Noticed Snorg
 15213 | D:14     | Killed Snorg
 15322 | D:14     | Identified the +6 scale mail "Voetobuo" {Int-3 Dex+8}
 15445 | D:14     | Identified the +0 pair of boots of Depression {rPois rC+
                  | Str+3} (Okawaru gifted it to you on level 14 of the
                  | Dungeon)
 15445 | D:14     | Received a gift from Okawaru
 15586 | D:14     | Killed Ehaok's ghost
 15587 | D:14     | Reached XP level 15. HP: 82/103 MP: 22/24
 15618 | D:14     | Identified the +1 hat of Untruth {rC++ rCorr Str-2 Stlth+}
 15638 | D:14     | Gained mutation: You occasionally shout uncontrollably at
                  | your foes. [mutagenic glow]
 15777 | D:15     | Entered Level 15 of the Dungeon
 15946 | D:15     | Identified Roxanne's Parchment of Spelunking
 15946 | D:15     | Noticed Roxanne
 16691 | D:15     | Killed Roxanne
 16691 | D:15     | Received a gift from Okawaru
 16734 | D:15     | Found a staircase to the Depths.
 16989 | Spider:1 | Entered Level 1 of the Spider Nest
 17105 | Spider:1 | Reached skill level 10 in Evocations
 17110 | Spider:1 | Received a gift from Okawaru
 17243 | Spider:1 | Noticed an emperor scorpion
 17281 | Spider:1 | Killed an emperor scorpion
 17959 | Spider:1 | Received a gift from Okawaru
 18188 | Spider:1 | Reached skill level 10 in Fighting
 18217 | Spider:1 | Reached XP level 16. HP: 122/122 MP: 25/25
 18895 | Spider:2 | Received a gift from Okawaru
 19840 | Spider:3 | Identified the +1 pair of gloves of Untold Secrets {Contam
                  | Fly Regen+} (Okawaru gifted it to you on level 3 of the
                  | Spider Nest)
 19840 | Spider:3 | Received a gift from Okawaru
 20474 | Spider:4 | Entered Level 4 of the Spider Nest
 20500 | Spider:3 | Acquired the +2 cloak of the Thief {*Fog Slay-2 SInv
                  | Stlth+}
 20500 | Spider:3 | Found the +2 cloak of the Thief {*Fog Slay-2 SInv Stlth+}
 21047 | Spider:4 | Received a gift from Okawaru
 21169 | Spider:4 | Reached XP level 17. HP: 131/131 MP: 27/27
 21355 | Spider:4 | Noticed Mara
 21402 | Spider:4 | Killed Mara
 21786 | Spider:4 | Reached skill level 10 in Shields
 21993 | Spider:4 | Received a gift from Okawaru
 22059 | Spider:4 | Got a gossamer rune of Zot
 22328 | Orc:1    | Entered Level 1 of the Orcish Mines
 22357 | Orc:1    | Noticed Urug
 22400 | Orc:1    | Reached skill level 10 in Throwing
 22771 | Orc:1    | Killed Urug
 22866 | Orc:2    | Entered Level 2 of the Orcish Mines
 22866 | Orc:2    | Found a staircase to the Elven Halls.
 22983 | Orc:2    | Noticed Donald
 22990 | Orc:2    | Killed Donald
 23063 | Orc:2    | Found a gate leading to a gauntlet.
 23075 | Gauntlet | Entered a Gauntlet
 23075 | Gauntlet | Found a transporter.
 23078 | Gauntlet | Found a runed translucent door.
 23078 | Gauntlet | Found a transporter.
 23080 | Gauntlet | Found a transporter.
 23083 | Gauntlet | Found a transporter.
 23084 | Gauntlet | Found a transporter.
 23084 | Gauntlet | Found a transporter.
 23088 | Gauntlet | Found a runed translucent door.
 23094 | Gauntlet | Found a transporter.
 23094 | Gauntlet | Found the +12 glaive of Prune {vorpal}
 23095 | Gauntlet | Found a transporter.
 23102 | Gauntlet | Found a runed translucent door.
 23113 | Gauntlet | Found a transporter.
 23117 | Gauntlet | Found a transporter.
 23121 | Gauntlet | Found a transporter.
 23130 | Gauntlet | Found a transporter.
 23162 | Gauntlet | Identified the ring "Rutul" {Wiz rF+ Int+5}
 23185 | Gauntlet | Identified the amulet of Otuet {Acrobat Str+6}
 23259 | Gauntlet | Received a gift from Okawaru
 23406 | Orc:2    | Gained mutation: Your magical capacity is low. (-10% MP)
                  | [mutagenic glow]
 23444 | Orc:2    | Found a runed translucent door.
 23564 | Orc:2    | Noticed phonic's ghost (journeyman MiBe)
 23943 | Orc:2    | Paralysed by an orc sorcerer for 2 turns
 23971 | Orc:2    | Found Pisuawn's Antique Armour Emporium.
 23972 | Orc:2    | Found Luduu's Antique Weapon Emporium.
 23974 | Orc:2    | Found Leshref's General Store.
 23974 | Orc:2    | Found Geemeife's Jewellery Shoppe.
 24075 | Orc:2    | Bought a potion of heal wounds for 60 gold pieces
 24075 | Orc:2    | Bought a scroll of fear for 48 gold pieces
 24075 | Orc:2    | Bought a potion of curing for 36 gold pieces
 24161 | Orc:2    | Killed phonic's ghost
 24229 | Elf:1    | Entered Level 1 of the Elven Halls
 24404 | Elf:1    | Noticed Agnes
 24411 | Elf:1    | Killed Agnes
 24470 | Elf:1    | Received a gift from Okawaru
 24505 | Elf:1    | Gained mutation: You are completely covered in yellow
                  | scales. (AC +4, rCorr) [demonic ancestry]
 24505 | Elf:1    | Reached XP level 18. HP: 140/140 MP: 25/25
 25126 | Elf:2    | Received a gift from Okawaru
 25159 | Elf:2    | Reached skill level 10 in Armour
 25212 | Elf:2    | Noticed middlethird's ghost (adept VSCj)
 25217 | Elf:2    | Found a transporter.
 25261 | Elf:2    | Found a transporter.
 25391 | Elf:1    | Found an ancient bone altar of Kikubaaqudgha.
 25479 | Elf:2    | Found Hiosedoa's Distillery.
 25479 | Elf:2    | Found Zoshugie's Magic Scroll Shoppe.
 25481 | Elf:2    | Found Uddis's Antique Armour Shoppe.
 25485 | Elf:2    | Found Wuev's Magic Scroll Emporium.
 25520 | Elf:2    | Bought a potion of curing for 36 gold pieces
 25520 | Elf:2    | Bought a potion of curing for 36 gold pieces
 25609 | Elf:2    | Found a huge runed translucent gate.
 25609 | Elf:2    | Found a huge runed translucent gate.
 25609 | Elf:2    | Found a huge runed translucent gate.
 25619 | Elf:2    | Found a huge runed translucent gate.
 25619 | Elf:2    | Found a huge runed translucent gate.
 25722 | Abyss:3  | Cast into level 3 of the Abyss (+5 trident of distortion)
 25911 | Abyss:3  | Learned a level 1 spell: Apportation
 26006 | Abyss:3  | Paralysed by accursed screaming for 1 turns
 26052 | Abyss:3  | Reached skill level 10 in Dodging
 26416 | Elf:2    | Escaped the Abyss
 26454 | Elf:2    | Noticed Nikola
 26473 | Elf:2    | Killed Nikola
 26473 | Elf:2    | Identified the +2 cloak "Loari" {Stlth+} (Okawaru gifted it
                  | to you on level 2 of the Elven Halls)
 26473 | Elf:2    | Received a gift from Okawaru
 26885 | Elf:3    | Entered Level 3 of the Elven Halls
 26890 | Elf:3    | Found Cel Ymun's Antique Armour Boutique.
 26920 | Elf:3    | Bought the +0 mask of the Dragon {Will+ Slay+3 SInv} for
                  | 1235 gold pieces
 26920 | Elf:3    | Found the +0 mask of the Dragon {Will+ Slay+3 SInv}
 27176 | Elf:3    | Noticed Asterion
 27196 | Arena    | Entered the Arena
 27202 | Arena    | Killed Asterion
 27297 | Elf:3    | Noticed Louise
 27368 | Elf:3    | Killed Louise
 27419 | Elf:3    | Found Ecsiwk's Weapon Shop.
 27547 | Elf:3    | Reached XP level 19. HP: 150/150 MP: 26/26
 27717 | Elf:3    | Identified the +3 robe of the Original Sin {Will+}
 27750 | Elf:3    | Identified the +0 pair of gloves of Distant Shores {Harm
                  | rN++}
 27832 | Abyss:3  | Cast into level 3 of the Abyss (a deep elf sorcerer)
 27846 | Abyss:3  | Gained mutation: Your magical capacity is very low. (-20%
                  | MP) [a neqoxec]
 27987 | Abyss:3  | Found a corrupted altar of Lugonu.
 28003 | Elf:3    | Escaped the Abyss
 28004 | Elf:3    | Identified the +1 plate armour of Understanding {Rampage
                  | Regen+ Str+5} (Okawaru gifted it to you on level 3 of the
                  | Elven Halls)
 28004 | Elf:3    | Received a gift from Okawaru
 28030 | Elf:3    | Identified the +3 quarterstaff of the Vase {venom, rC+}
 28058 | Elf:3    | Identified the +8 flail of Qocw {holy, *Slow rElec Str+6
                  | Int+2}
 28478 | Shoals:1 | Entered Level 1 of the Shoals
 29261 | Shoals:2 | Identified the +4 chain mail of the Enchanted Forest
                  | {*Corrode Dex+6}
 30469 | Shoals:4 | Entered Level 4 of the Shoals
 30536 | Shoals:4 | Reached skill level 15 in Evocations
 30710 | Shoals:4 | Received a gift from Okawaru
 30866 | Shoals:4 | Received a gift from Okawaru
 30869 | Shoals:4 | Identified the ring of Zuegae {rPois rF+ rC- MP+9}
 30941 | Shoals:4 | Gained mutation: You are completely covered in sharp
                  | spines. [demonic ancestry]
 30941 | Shoals:4 | Reached XP level 20. HP: 129/159 MP: 24/24
 30949 | Shoals:4 | Received a gift from Okawaru
 30960 | Shoals:4 | Got a barnacled rune of Zot
 31222 | Shoals:4 | Got Gogief's Precepts of Coordinates
 31254 | Shoals:4 | Found a runed translucent door.
 31262 | Shoals:4 | Noticed MrSixtyFour's ghost (adept DsBe)
 31277 | Shoals:4 | Found a shimmering altar of Xom.
 31829 | Depths:1 | Entered Level 1 of the Depths
 31937 | Depths:1 | Received a gift from Okawaru
 32042 | Depths:1 | Found a flickering gateway to a bazaar.
 32053 | Bazaar   | Entered a bazaar
 32096 | Bazaar   | Found Fesotas's Book Boutique.
 32096 | Bazaar   | Found Totziet's Assorted Antiques.
 32114 | Bazaar   | Bought a scroll of fear for 80 gold pieces
 32114 | Bazaar   | Bought a long jewelled staff for 240 gold pieces
 32114 | Bazaar   | Bought a short gold wand for 80 gold pieces
 32131 | Bazaar   | Found Reheffocs's Weapon Shop.
 32131 | Bazaar   | Found Daotseq's Book Boutique.
 32149 | Bazaar   | Bought 3 atropa-tipped darts for 27 gold pieces
 32180 | Depths:1 | Found an iron altar of Okawaru.
 32181 | Depths:1 | Received a gift from Okawaru
 32291 | Depths:1 | Found a gateway to Hell.
 32362 | Depths:1 | Found a one-way gateway to a ziggurat.
 32914 | Arena    | Entered the Arena
 32934 | Depths:2 | Received a gift from Okawaru
 32958 | Depths:2 | Found Xywunomm's Antique Weapon Emporium.
 33085 | Depths:2 | Found a one-way gate leading to the halls of Pandemonium.
 33372 | Depths:2 | Found an ancient bone altar of Kikubaaqudgha.
 33399 | Depths:2 | Reached skill level 15 in Long Blades
 33454 | Depths:2 | Identified the ring of Rallilit {Fire Int+5 Dex+4}
 33715 | Vaults:1 | Entered Level 1 of the Vaults
 33862 | Vaults:1 | Received a gift from Okawaru
 34056 | Vaults:1 | Got Qickeq's Spellbook of Rank Transformation
 34146 | Vaults:1 | Found Quvviufo's Distillery.
 34195 | Vaults:1 | Gained mutation: You have claws for hands. [demonic
                  | ancestry]
 34195 | Vaults:1 | Reached XP level 21. HP: 167/167 MP: 25/25
 34200 | Vaults:1 | Gained mutation: You are dopey. (Int -2) [mutagenic glow]
 34426 | Vaults:1 | Bought a potion of curing for 36 gold pieces
 34426 | Vaults:1 | Bought a potion of heal wounds for 60 gold pieces
 34426 | Vaults:1 | Bought a potion of heal wounds for 60 gold pieces
 34426 | Vaults:1 | Bought a potion of might for 48 gold pieces
 34426 | Vaults:1 | Bought a potion of mutation for 96 gold pieces
 34616 | Vaults:1 | Reached skill level 15 in Fighting
 34635 | Vaults:1 | Received a gift from Okawaru
 35181 | Vaults:2 | Identified the +6 battleaxe of the Neverending Dances
                  | {vorpal, rN++ Str-4}
 35251 | Vaults:2 | Found Afiul's Antique Armour Boutique.
 35259 | Vaults:2 | Bought ichor-stained fire dragon scales for 1885 gold
                  | pieces
 35259 | Vaults:2 | Identified the +7 fire dragon scales "Gysobbeu" {-Tele rF++
                  | rC- rN+++ rCorr Dex-3} (You bought it in a shop on level 2
                  | of the Vaults)
 35311 | Vaults:2 | Found a large runed translucent door.
 35311 | Vaults:2 | Found a large runed translucent door.
 35311 | Vaults:2 | Noticed Forgeling's ghost (adept FeEn)
 35516 | Vaults:2 | You fall into a shaft and drop 2 floors!
 35613 | Vaults:4 | Received a gift from Okawaru
 35648 | Vaults:4 | Noticed Frederick
 35659 | Vaults:4 | Killed Frederick
 35842 | Vaults:4 | Reached skill level 15 in Dodging
 35856 | Vaults:4 | Found Arahod's General Store.
 35876 | Vaults:4 | Bought 4 datura-tipped darts for 25 gold pieces
 35940 | Vaults:4 | Noticed Saint Roka
 35960 | Vaults:4 | Killed Saint Roka
 35983 | Vaults:4 | Identified the +7 rapier of Dipterij {vorpal, Int+2}
 36017 | Vaults:4 | Received a gift from Okawaru
 36071 | Vaults:4 | Noticed Xtahua
 36080 | Vaults:4 | Killed Xtahua
 36274 | Vaults:3 | Found Ithruantu's Weapon Emporium.
 36347 | Vaults:3 | Found a crumbling gateway.
 36482 | Desolati | Entered the Desolation of Salt
 36529 | Desolati | Identified the +1 robe of the Morning {rN+ Will+ Dex+2
                  | SInv} (Okawaru gifted it to you in the Desolation of Salt)
 36529 | Desolati | Received a gift from Okawaru
 36577 | Desolati | Got the Papyrus of the Nine Artisans
 36578 | Desolati | Identified the +3 leather armour of Hionoo {Int+3}
 36584 | Desolati | Identified the +8 arbalest "Luefib" {freeze, Will+ Stlth+}
 36604 | Desolati | Found the +7 captain's cutlass {speed, disarm}
 36652 | Desolati | Got the Guidebook on Bewitching Conflict
 36682 | Desolati | Identified the +8 shadow dragon scales of the Dungeon {Harm
                  | +Inv rElec Will- Stlth++++}
 36719 | Desolati | Got the Teachings on Unified Reformation
 37254 | Desolati | Gained mutation: You regenerate a lot of health from kills.
                  | [demonic ancestry]
 37254 | Desolati | Reached XP level 22. HP: 173/176 MP: 26/26
 37265 | Desolati | Identified the ring "Xacius" {rPois rC+ Will+ Stlth-}
 37275 | Desolati | Identified the +2 leather armour of Vlad {Contam rElec
                  | Int+2 Slay+5}
 37899 | Vaults:2 | Found a transporter.
 37899 | Vaults:2 | Found the +3 pair of seven-league boots {Rampage+∞}
 37909 | Vaults:2 | Found a transporter.
 38221 | Vaults:3 | Received a gift from Okawaru
 38323 | Vaults:3 | Found a staircase to the Crypt.
 38799 | Vaults:3 | Received a gift from Okawaru
 38921 | Vaults:3 | Identified the +0 helmet of Saadutol {Will+}
 39026 | Vaults:3 | Received a gift from Okawaru
 39029 | Vaults:3 | Found Miyguykosh's Book Boutique.
 39029 | Vaults:3 | Found Fuedgh's Weapon Shop.
 39040 | Vaults:3 | Found Feafaf's Weapon Emporium.
 39848 | Vaults:5 | Entered Level 5 of the Vaults
 39851 | Vaults:5 | Noticed a dread lich
 40011 | Vaults:4 | Killed a dread lich
 40011 | Vaults:4 | Received a gift from Okawaru
 40041 | Vaults:5 | Noticed a dread lich
 40061 | Vaults:4 | Received a gift from Okawaru
 40073 | Vaults:5 | Noticed a dread lich
 40100 | Vaults:5 | Noticed Mennas
 40122 | Vaults:4 | Killed a dread lich
 40123 | Vaults:4 | Reached skill level 15 in Shields
 40177 | Vaults:4 | Killed Mennas
 40253 | Vaults:4 | Noticed a juggernaut
 40253 | Vaults:4 | a rockslime changed into a juggernaut
 40254 | Vaults:4 | a juggernaut changed into a glowing shapeshifter
 40277 | Vaults:4 | Received a gift from Okawaru
 40321 | Vaults:4 | Paralysed by a dread lich for 5 turns
 40326 | Vaults:4 | Killed a dread lich
 40327 | Vaults:4 | Gained mutation: You punish those that try to bend your
                  | will. (Will+) [demonic ancestry]
 40327 | Vaults:4 | Reached XP level 23. HP: 11/185 MP: 26/26
 40465 | Vaults:5 | Identified the +4 long sword "Exibruot" {vorpal, MP+9
                  | Dex+3}
 40478 | Vaults:4 | HP: 11/277 [phantasmal warrior (19)]
 40488 | Vaults:4 | HP: 13/277 [tentacled monstrosity (2)]
 40491 | Vaults:4 | Received a gift from Okawaru
 40494 | Vaults:4 | HP: 12/277 [tentacled monstrosity (1)]
 40508 | Vaults:4 | Lost mutation: You are dopey. (Int -2) [potion of mutation]
 40508 | Vaults:4 | Lost mutation: You occasionally shout uncontrollably at
                  | your foes. [potion of mutation]
 40508 | Vaults:4 | Gained mutation: You have a pair of small horns on your
                  | head. [potion of mutation]
 40508 | Vaults:4 | Gained mutation: You have large cloven feet. [potion of
                  | mutation]
 40586 | Vaults:5 | Identified the ring "Emalyan" {rF+ Int+2 Slay+3}
 40748 | Vaults:4 | Received a gift from Okawaru
 40748 | Vaults:4 | Paralysed by a sphinx for 4 turns
 40822 | Vaults:5 | Identified the +0 chain mail "Cipil" {rElec MP-9 Dex+4}
 40832 | Vaults:5 | Noticed a dread lich
 40861 | Vaults:5 | Killed a dread lich
 41071 | Vaults:5 | Got a silver rune of Zot
 41530 | Vaults:5 | Found Reuh Tur's Weapon Shop.
 41791 | Vaults:5 | Identified the ring "Wejiqees" {rN+ EV+4}
 42343 | Depths:2 | Found the amulet of Vitality {RegenMP++ Regen++}
 42370 | Depths:2 | Identified the +4 rapier "Missunko" {vorpal, rN+ Will-
                  | Str+4 Int-5 Stlth+}
 42432 | Depths:2 | Identified the +2 chain mail of Mamoav {rC+ rN+ rCorr SInv}
                  | (Okawaru gifted it to you on level 2 of the Depths)
 42432 | Depths:2 | Received a gift from Okawaru
 43110 | Orc:2    | Bought a pair of glowing boots for 172 gold pieces
 43978 | Depths:3 | Paralysed by a floating eye for 4 turns
 43994 | Depths:3 | Gained mutation: You are resistant to unholy torment.
                  | [demonic ancestry]
 43994 | Depths:3 | Reached XP level 24. HP: 167/195 MP: 27/27
 44020 | Depths:3 | Found the +5 demon whip "Spellbinder" {antimagic, Will+}
 44038 | Depths:3 | Reached XP level 25. HP: 202/202 MP: 22/27
 44432 | Depths:3 | Noticed a dread lich
 44436 | Depths:3 | Killed a dread lich
 44913 | Depths:4 | Entered Level 4 of the Depths
 45198 | Depths:4 | Received a gift from Okawaru
 45241 | Depths:4 | Found Perroun's Distillery.
 45249 | Depths:4 | Bought a potion of heal wounds for 95 gold pieces
 45249 | Depths:4 | Bought a potion of heal wounds for 95 gold pieces
 45493 | Depths:4 | Reached skill level 10 in Stealth
 45828 | Depths:4 | Found a gate to the Realm of Zot.
 46288 | Zot:1    | Entered Level 1 of the Realm of Zot
 46377 | Zot:1    | Received a gift from Okawaru
 46906 | Zot:1    | Reached skill level 15 in Throwing
 47150 | Zot:1    | Identified the +5 acid dragon scales of the Cicada {rElec
                  | rCorr Str+3 Int-2} (Okawaru gifted it to you on level 1 of
                  | the Realm of Zot)
 47150 | Zot:1    | Received a gift from Okawaru
 47533 | Slime:1  | Entered Level 1 of the Pits of Slime
 47864 | Vaults:2 | Identified the +2 dagger "Doed" {speed, rElec rF+ Int-2
                  | Dex+5}
 48305 | Slime:1  | Gained mutation: You can hurl damnation. [demonic ancestry]
 48305 | Slime:1  | Reached XP level 26. HP: 212/212 MP: 27/27
 48393 | Slime:1  | Gained mutation: You are occasionally teleported next to
                  | monsters. [a shining eye]
 50268 | Slime:5  | Entered Level 5 of the Pits of Slime
 50831 | Slime:5  | Noticed the Royal Jelly
 50831 | Slime:5  | Gained mutation: You sometimes lose your temper in combat.
                  | [a shining eye]
 50841 | Slime:5  | Gained mutation: You do not regenerate when monsters are
                  | visible. [a shining eye]
 50843 | Slime:5  | Gained mutation: You occasionally lose the ability to drink
                  | potions when taking damage. [a shining eye]
 51289 | Depths:1 | Lost mutation: You are occasionally teleported next to
                  | monsters. [potion of mutation]
 51289 | Depths:1 | Lost mutation: You have large cloven feet. [potion of
                  | mutation]
 51289 | Depths:1 | Gained mutation: You are weak. (Str -2) [potion of
                  | mutation]
 52435 | Zig:1    | Entered Level 1 of a ziggurat
 52504 | Zig:2    | Entered Level 2 of a ziggurat
 52519 | Zig:2    | Found the +10 morningstar "Eos" {elec, Halo rElec}
 52598 | Zig:3    | Entered Level 3 of a ziggurat
 52617 | Zig:3    | Identified the +5 scale mail of the Sharp God {Regen+ Str-2
                  | Dex+7}
 52644 | Zig:4    | Entered Level 4 of a ziggurat
 52692 | Zig:4    | HP: 13/319 [poisoned by an ushabti (dark miasma)]
 52732 | Zig:5    | Entered Level 5 of a ziggurat
 52737 | Zig:5    | Noticed a dread lich
 52737 | Zig:5    | Noticed a dread lich
 52819 | Zig:5    | Killed a dread lich
 52820 | Zig:5    | Reached skill level 1 in Maces & Flails
 52826 | Zig:5    | Killed a dread lich
 52826 | Zig:5    | Received a gift from Okawaru
 52853 | Zig:5    | Identified the ring "Medd" {rPois rN++ Str-3 Dex+2 SInv}
 52859 | Zig:5    | Identified the +7 scimitar of Qinulesula {vorpal, rPois
                  | Str+4 Dex+4}
 52878 | Zig:6    | Entered Level 6 of a ziggurat
 52933 | Zig:6    | HP: 9/213 [poisoned by a black draconian knight]
 52938 | Zig:6    | HP: 4/213 [poisoned by a black draconian knight]
 52938 | Zig:6    | Killed from afar by a black draconian knight

Illustrated notes

Levels and vault maps discovered:
D:1:      dpeg_arrival_three_smaller_balls, layout_basic
D:2:      layout_loops_ring
D:3:      layout_basic, serial_shops, nicolae_shop_stone, st_stairs_9,
          minmay_misc_feat_doors, eino_curves_03, uniq_robin
D:4:      minmay_wonky_spiral, layout_basic,
          mainiacjoe_overflow_surrounded_room, minivault_5
D:5:      layout_cave_pods, uniq_menkaure, uniq_eustachio
D:6:      cheibrodos_barr_body, layout_basic, minmay_crystal_room,
          minmay_pentangle, uniq_maggie, uniq_edmund
D:7:      layout_cave_pools, nicolae_uskayaw_murder_on_the_dancefloor,
          elyvilon_altar_4, minmay_temple_entry_purple_smoke
D:8:      layout_basic, serial_shops, shop_statue, kennysheep_little_box, shop,
          nicolae_shop_window_shopping
D:9:      layout_cave_pools, uniq_prince_ribbit1
D:10:     layout_stronghold, erik_lair_island, serial_shops,
          nicolae_shop_statue_plus, uniq_erolcha
D:11:     layout_roguey
D:12:     layout_loops_ring, orc_0_dummy, chequers_serial_rivers_marsh,
          uniq_lodul, uniq_nessos, uniq_rupert
D:13:     layout_gridville, david_vaults_5, serial_shops,
          nicolae_shop_behind_doors, minmay_fractal_squares_gapless_5,
          uniq_azrael
D:14:     layout_roguey, minmay_misc_feat_secret_circle, gammafunk_ghost_split,
          portal_ice_cave_entry_ice_simulacra, uniq_snorg
D:15:     hangedman_depths_entry_try_elsewhere_first, layout_loops_corners,
          uniq_roxanne
Temple:   nicolae_temple_bog_church
Lair:1:   layout_long_grid, fungi_pond_lemuel, cheibrodos_lair_reptile_den
Lair:2:   layout_gridlike, uniq_fannar
Lair:3:   layout_roguey, minmay_shoals_entry_hut,
          nicolae_spider_entry_non_spiders, basic_altar, serial_bayou_crossing
Lair:4:   layout_gridlike, slime_entry_1, serial_rivers,
          chequers_serial_rivers_room_a, chequers_serial_rivers_micro_c,
          chequers_serial_rivers_room_a, chequers_serial_rivers_micro_e,
          minivault_27, grunt_megastairs_3, infiniplex_staircase_pool_2
Lair:5:   evilmike_catoblepas_cave, layout_long_grid
Shoals:1: layout_shoals, nicolae_shoals_lost_giant_pillars
Shoals:2: layout_shoals
Shoals:3: layout_shoals
Shoals:4: shoals_end_simple, layout_shoals, ebering_ghost_xom
Spider:1: layout_chambers, nicolae_spider_undead_wolf_pack
Spider:2: layout_cave_pods
Spider:3: layout_spider_delve
Spider:4: floodkiller_spider_rune_tomb, special_room [special_room_bee],
          uniq_mara
Slime:1:  layout_caves
Slime:2:  layout_caves
Slime:3:  layout_caves
Slime:4:  layout_caves
Slime:5
Orc:1:    layout_caves, basic_altar, uniq_urug
Orc:2:    st_orc_congregation, layout_caves, gauntlet_entry_generic,
          hellmonk_ghost_happy_afterlife, uniq_donald
Elf:1:    layout_gridlike, minmay_elf_demonology, lemuel_upstairs_altar,
          uniq_agnes
Elf:2:    elven_hall_of_blades_hangedman_alternative
          [nicolae_blade_entry_diamond_columns], layout_geoelf_diagonals,
          gammafunk_ghost_arena, minmay_shoptagon, uniq_nikola
Elf:3:    elf_hall_gauntlet_narrow, layout_gridlike, serial_shops,
          nicolae_shop_overgrown_old_shop, nicolae_shop_advertising_works
          [nicolae_subvault_shop_adworks], uniq_louise, uniq_asterion
Vaults:1: nicolae_vaults_little_squares_1, v_misc_5, hangedman_vaults_stitches,
          hangedman_vaults_cutoff, grunt_vaults_trifunnel, v_misc_19,
          nicolae_vaults_three_branches, vaults_room_pool,
          vaults_room_door_hall, nicolae_vaults_little_ls,
          nicolae_vaults_rhombus_7, layout_vaults_omnicross, serial_shops, shop
Vaults:2: advil_vaults_ghost_guards, gammafunk_sealed_arena,
          hangedman_vaults_snaps, vaults_room_semicircle,
          hangedman_vaults_slither, v_alt_pattern_4, v_alt_pattern_3,
          hangedman_vaults_cutoff, vaults_mumra_lcd, nicolae_vaults_rhombus_6,
          ontoclasm_vaults_spin, grunt_vaults_focal, layout_vaults_ring,
          serial_shops, shop_statue
Vaults:3: portal_desolation_entry_holy_temple, vaults_room_grunt_arrival_ludios,
          minmay_crypt_entry_simple_walls, nicolae_vaults_little_squares_2,
          vaults_room_ringed_pool, hangedman_vaults_pinch, vaults_dpeg_ring,
          nicolae_vaults_circle_grid_b, nicolae_vaults_sealed_display,
          v_pattern_5, layout_vaults_big_room, serial_shops,
          nicolae_square_shop, nicolae_shop_statue_plus, shop, shop_coins
Vaults:4: nicolae_vaults_disjoint_gnomons, kb_rosetta,
          hangedman_vaults_capsules, nicolae_vaults_ring_of_whatevers,
          serial_ice_b, hangedman_vaults_trim, nicolae_vaults_alarming,
          layout_vaults_omnigrid, serial_shops, shop, uniq_frederick,
          uniq_margery, uniq_saint_roka, uniq_xtahua
Vaults:5: uniq_mennas
Depths:1: layout_basic, enter_ziggurat_b, corexii_leaking_fountain,
          serial_shops, freezing_bzr, pf_coc_iceberg,
          serial_sigils_hangedman_etch, grunt_ministairs_7,
          okawaru_altar_gauntlet_db
Depths:2: evilmike_negative_zone, layout_cave_pools, hell_entry, pan_entry,
          serial_shops, shop_fountains, lightli_minifort
Depths:3: lemuel_river_lethe, abyss_entry, hell_entry, pan_entry
Depths:4: evilmike_zot_entry_argh, layout_honeycomb, rand_demon_pan_entry_9,
          serial_shops, nicolae_shop_stone, tso_metal_star,
          pf_dread_powers_of_hell, hangedman_decor_peaks_small
Zot:1:    layout_misc_corridors, zot_minivault_4
Zig:6

Skill      XL: |  1  2  3  4  5  6  7  8  9 10 11 12 13 14 15 16 17 18 19 20 21 22 23 24 25 26 |
---------------+-------------------------------------------------------------------------------+-----
Armour         | 3 4 5 6 7 8 9 10 11 12 13 14 | 14.7
Shields        | 3 4 5 6 7 8 9 10 11 12 13 15 16 17 18 | 18.2
Long Blades    | 2 3 4 5 6 7 8 9 10 11 12 13 14 15 16 17 | 17.7
Fighting       | 5 6 7 8 9 10 11 12 13 14 15 16 17 18 | 18.7
Short Blades   | 3 4 5 6 7 8 9 |  9.5
Throwing       | 4 5 6 7 8 9 10 12 13 14 15 | 15.8
Dodging        | 4 5 6 7 8 9 10 12 14 15 16 | 16.8
Stealth        | 3 4 5 6 7 8 9 10 | 10.3
Evocations     | 1 2 4 6 7 8 9 10 11 12 13 15 16 17 18 | 18.0
Invocations    | 1 3 4 7 9 10 12 13 14 | 14.9
Maces & Flails | 1 |  1.7

Action                   |  1- 3 |  4- 6 |  7- 9 | 10-12 | 13-15 | 16-18 | 19-21 | 22-24 | 25-27 || total
-------------------------+-------+-------+-------+-------+-------+-------+-------+-------+-------++-------
Melee: Long sword        |    94 |     7 |   191 |   326 |       |       |       |       |       ||   618
       Dagger            |       |    98 |   120 |   213 |   161 |   270 |   140 |       |       ||  1002
       Double sword      |       |       |       |   105 |   224 |       |       |       |       ||   329
       Falchion          |       |       |       |       |   394 |   508 |    74 |   232 |   204 ||  1412
       Demon blade       |       |       |       |       |   245 |   847 |  1371 |  1091 |   876 ||  4430
       Cutlass           |       |       |       |       |       |       |   106 |   283 |   386 ||   775
       Rapier            |       |       |       |       |       |       |    48 |       |       ||    48
       Headbutt          |       |       |       |       |       |       |       |   336 |   606 ||   942
Throw: Stone             |     8 |    20 |    32 |    82 |       |       |       |       |       ||   142
       Boomerang         |       |     4 |     7 |    57 |   119 |   253 |   333 |   155 |   362 ||  1290
       Dart              |       |       |       |    62 |   106 |   260 |    25 |    22 |       ||   475
       Javelin           |       |       |       |       |       |    13 |    45 |    24 |    42 ||   124
       Throwing net      |       |       |       |       |       |     2 |       |       |       ||     2
Invok: Heroism           |       |       |     2 |     4 |     7 |    14 |    13 |    13 |     6 ||    59
       Finesse           |       |       |       |       |     1 |     4 |       |     6 |     3 ||    14
       Duel              |       |       |       |       |       |     1 |     1 |       |       ||     2
Evoke: Wand              |       |       |     5 |    17 |    31 |    29 |    23 |    42 |     1 ||   148
       Phial of floods   |       |       |       |     1 |       |     2 |     3 |     1 |     2 ||     9
       Lightning rod     |       |       |       |       |     6 |     8 |    14 |     2 |     9 ||    39
       Condenser vane    |       |       |       |       |       |     2 |     3 |     2 |     2 ||     9
       Tin of tremorston |       |       |       |       |       |     1 |    10 |     7 |     7 ||    25
  Use: Scroll            |     1 |       |     3 |    12 |     8 |     6 |     4 |     4 |     2 ||    40
       Potion            |       |     1 |     3 |     1 |     3 |     1 |     1 |     6 |     1 ||    17
 Stab: Sleeping          |       |       |     2 |    15 |    17 |    21 |    16 |     8 |    18 ||    97
       Distracted        |       |       |       |     1 |     2 |     8 |     3 |     1 |       ||    15
       Paralysed         |       |       |       |     6 |       |     6 |     2 |     7 |       ||    21
       Petrified         |       |       |       |     3 |       |       |       |       |       ||     3
       Held in net/web   |       |       |       |       |       |     4 |       |       |       ||     4
       Invisible         |       |       |       |       |       |       |       |     3 |       ||     3
Armor: Scale mail        |    50 |    17 |    61 |       |       |   156 |       |       |       ||   284
       Leather armour    |       |       |    70 |    61 |       |       |       |       |       ||   131
       Troll leather arm |       |       |       |    63 |   228 |   153 |    12 |       |       ||   456
       Plate armour      |       |       |       |       |       |       |   502 |   493 |   214 ||  1209
       Acid dragon scale |       |       |       |       |       |       |       |       |    35 ||    35
Dodge: Dodged            |    47 |    37 |   208 |   259 |   442 |   711 |   777 |   718 |   551 ||  3750
Block: Buckler           |    20 |    15 |   100 |   170 |   397 |   552 |       |       |       ||  1254
       Kite shield       |       |       |       |       |       |   382 |  1210 |  1027 |   895 ||  3514
       Reflection        |       |       |       |       |       |    35 |    59 |    22 |    18 ||   134
